 Dungeon Crawl Stone Soup version 0.22-a0-109-gbeb7240 (webtiles) character file.

77 theanonym the Skirmisher (level 4, 0/37 HPs)
             Began as a Mummy Fighter on Jan 26, 2018.
             Slain by a gnoll (6 damage)
             ... on level 2 of the Dungeon.
             The game lasted 00:05:45 (1523 turns).

theanonym the Skirmisher (Mummy Fighter)            Turns: 1523, Time: 00:05:46

Health: 0/37       AC:  7    Str: 20    XL:     4   Next: 14%
Magic:  4/4        EV:  7    Int:  7    God:
Gold:   65         SH:  8    Dex: 11    Spells: 3/3 levels left

rFire    x . .     SeeInvis .   a - +0 war axe
rCold    + . .     Gourm    .   c - +0 shield
rNeg     + + +     Faith    .   b - +0 scale mail {10}
rPois    ∞         Spirit   .   (no helmet)
rElec    .         Reflect  .   (no cloak)
rCorr    .         Harm     .   (no gloves)
MR       .....                  h - +0 pair of boots
Stlth    ..........             (no amulet)
HPRegen  0.12/turn              (no ring)
MPRegen  0.09/turn              (no ring)

@: no status effects
A: no food or potions, fire vulnerability, cold resistance 1, negative energy
resistance 3, torment resistance, unbreathing
a: no special abilities


Innate Abilities, Weirdness & Mutations

You do not eat or drink.
Your flesh is vulnerable to fire.
You are immune to poison.
Your flesh is cold resistant. (rC+)
You are immune to negative energy. (rN+++)
You are immune to unholy pain and torment.
You can survive without breathing.


   Skills:
 + Level 3.7 Fighting
 * Level 3.1 Axes
 - Level 2.4 Armour
 - Level 2.4 Shields


You had 3 spell levels left.
You didn't know any spells.

Skill      XL: |  1  2  3 |
---------------+----------+-----
Axes           | 2 3 |  3.1
Fighting       | |  3.7
Armour         | |  2.4
Shields        | |  2.4

Action                   |  1- 3 |  4- 6 || total
-------------------------+-------+-------++-------
Melee: War axe           |   131 |    13 ||   144
Armor: Scale mail        |    41 |     9 ||    50
Dodge: Dodged            |    35 |     5 ||    40
Block: Shield            |    56 |     5 ||    61

Inventory:

Hand Weapons
 a - a +0 war axe (weapon)
Armour
 b - a +0 scale mail (worn) {10}
 c - a +0 shield (worn)
 h - a +0 pair of boots (worn)
   (You found it on level 2 of the Dungeon)
Scrolls
 d - 5 scrolls of remove curse {unknown}
 e - a scroll of fog {unknown}
 f - 4 scrolls of identify {unknown}
 g - a scroll of magic mapping {unknown}
 i - a scroll of teleportation {unknown}


You were on level 2 of the Dungeon.
You were not hungry.

You visited 1 branch of the dungeon, and saw 3 of its levels.

You collected 65 gold pieces.

Dungeon Overview and Level Annotations

Branches:
Dungeon (3/15)

Altars:
Dithmenos
Hepliaklqana
Nemelex Xobeh
Uskayaw
Vehumet
Xom
Yredelemnul

.# #..##+###...⌠.⌠....... .#
##.##.# #...._........ .#
####'##.# #...⌠.⌠....... .#
#.......###+#.+.#####.##
.#########.......##............_.
.................##........!.....
###############..#...............
#......g................
#.#####@#....#'#########
#.#####)#.#....# #....##...###..#
####.########..########
#.##.....#.........#
#....###.#.#######.# ######
#.#...<####.## #...#.........
#.#########.##


You could see a gnoll.

Notes
Turn   | Place    | Note
-------+----------+-------------------------------------------
     0 | D:1      | theanonym the Mummy Fighter began the quest for the Orb.
     0 | D:1      | Reached XP level 1. HP: 18/18 MP: 1/1
   138 | D:1      | Reached skill level 2 in Axes
   138 | D:1      | Reached XP level 2. HP: 21/24 MP: 2/2
   480 | D:1      | Reached XP level 3. HP: 24/29 MP: 3/3
   877 | D:2      | Found a sparkling altar of Nemelex Xobeh.
  1000 | D:2      | Found a hazy altar of Hepliaklqana.
  1157 | D:2      | Reached skill level 3 in Axes
  1246 | D:2      | Found a faded altar of an unknown god.
  1282 | D:2      | Found a basalt altar of Yredelemnul.
  1283 | D:2      | Found a shimmering altar of Xom.
  1294 | D:2      | Found a radiant altar of Vehumet.
  1295 | D:2      | Found a shadowy altar of Dithmenos.
  1295 | D:2      | Found a hide-covered altar of Uskayaw.
  1304 | D:2      | Reached XP level 4. HP: 36/37 MP: 4/4
  1515 | D:2      | HP: 18/37 [gnoll (2)]
  1520 | D:2      | HP: 8/37 [gnoll (1)]
  1523 | D:2      | Slain by a gnoll

Vanquished Creatures
  A gnoll (D:2)
  An adder (D:2)
  An ooze (D:1)
  2 worms (D:2)
  2 dart slugs (D:1)
  2 leopard geckos (D:1)
  2 giant cockroaches
  6 goblins
  8 hobgoblins
  A ball python (D:1)
  3 bats
  3 frilled lizards
  7 kobolds
  6 rats (D:1)
45 creatures vanquished.

Table legend:
 A = Turns spent in this place as a percentage of turns spent in the entire game.
 B = Non-inter-level travel turns spent in this place as a percentage of non-inter-level travel turns spent in the entire game.
 C = Inter-level travel turns spent in this place as a percentage of turns spent in this place.
 D = Turns resting spent in this place as a percentage of non-inter-level travel turns spent in this place.
 E = Turns spent auto-exploring this place as a percentage of non-inter-level travel turns spent in this place.
 F = Non-inter-level travel turns spent in this place divided by the number of levels of this place that you've seen.
                   A       B       C       D       E      F
               +-------+-------+-------+-------+-------+----------------------
         Total | 100.0 | 100.0 |   2.6 |   0.0 |  79.9 | 494.7
       Dungeon | 100.0 | 100.0 |   2.6 |   0.0 |  79.9 | 494.7
               +-------+-------+-------+-------+-------+----------------------
